 Dungeon Crawl Stone Soup version 0.26-a0-651-gb41185065b (webtiles) character file.

Game seed: 6319461533674672412

455 Lanoc the Skirmisher (level 6, -9/62 HPs)
             Began as a Troll Delver on Oct 29, 2020.
             Mangled by an ogre
             ... wielding a +0 giant club
              (20 damage)
             ... on level 5 of the Dungeon.
             The game lasted 00:02:01 (1022 turns).

Lanoc the Skirmisher (Troll Delver)                 Turns: 1022, Time: 00:02:02

Health: -9/62      AC:  6    Str: 21    XL:     6   Next: 76%
Magic:  5/5        EV: 11    Int:  6    God:
Gold:   16         SH:  0    Dex: 13    Spells: 5/5 levels left

rFire    . . .     SeeInvis .   (no weapon)
rCold    . . .     Faith    .   (no shield)
rNeg     . . .     Spirit   .   b - +0 robe
rPois    .         Reflect  .   (helmet restricted)
rElec    .         Harm     .   (no cloak)
rCorr    .         Rampage  .   (gloves unavailable)
MR       .....                  (boots unavailable)
Stlth    ++........             (no amulet)
HPRegen  0.60/turn              (no ring)
MPRegen  0.09/turn              (no ring)

@: hasted, very quick
A: large, unfitting armour, claws 3, regeneration 1, shaggy fur 1, tough skin 3
a: no special abilities


You were on level 5 of the Dungeon.
You visited 1 branch of the dungeon, and saw 1 of its levels.
You also visited: Sewer.

You collected 16 gold pieces.

Inventory:

Armour
 b - a +0 robe (worn)
Wands
 g - a wand of digging (3)
Scrolls
 a - a scroll of identify {unknown}
 c - a scroll of fog
 e - 2 scrolls of fear
 h - 2 scrolls of teleportation {unknown}


   Skills:
 + Level 4.1 Fighting
   Level 1.7 Maces & Flails
 + Level 3.7 Dodging
 + Level 3.8 Stealth


You had 5 spell levels left.
You didn't know any spells.
Your spell library was empty.

Dungeon Overview and Level Annotations

Branches:
Dungeon (5/15)              Sewer (visited)
 Temple: D:4-7

Altars:


Innate Abilities, Weirdness & Mutations

You are too large for most types of armour.
You have claws for hands.
Your natural rate of healing is unusually fast.
You are covered in fur. (AC +1)
You have extremely tough skin. (AC +3)


Message History

You scratch the ogre.
The ogre is lightly wounded.
The ogre hits you with a +0 giant club!
You scratch the ogre.
The ogre is moderately wounded.
You scratch the ogre.
The ogre is moderately wounded.
The ogre hits you with a +0 giant club!
The phantom blinks!
You closely miss the ogre.
The ogre is moderately wounded.
The ogre hits you with a +0 giant club!!
* * * LOW HITPOINT WARNING * * *
It was a potion of magic.
Magic courses through your body. The ogre hits you but does no damage.
You feel yourself speed up.
You enter the shallow water.
Moving in this stuff is going to be slow.
You open the door. The ogre closely misses you.
The phantom blinks!
The ogre hits you with a +0 giant club!!
You die...

* #...## *
##.#..####
**
#........#
,*
#.....≈≈.#
,**
#.......≈#
,,*
#..≈≈≈≈≈≈#
*,*
#..≈≈#'###
***
#..≈≈#§≈≈#
#.≈W≈@O.≈#
#..≈≈#≈≈≈#
##########


You could see a phantom and an ogre.

Vanquished Creatures
  5 big kobolds (Sewer)
  A hound zombie (D:5)
  3 adders (Sewer)
  2 river rats (Sewer)
  6 oozes (Sewer)
  4 worms (Sewer)
  2 ball pythons
  4 kobolds (Sewer)
  3 rats (Sewer)
30 creatures vanquished.

Notes
Turn   | Place    | Note
-------+----------+-------------------------------------------
     0 | D:5      | Lanoc the Troll Delver began the quest for the Orb.
     0 | D:5      | Reached XP level 1. HP: 22/22 MP: 0/0
    22 | D:5      | Reached XP level 2. HP: 29/29 MP: 1/1
    30 | D:5      | Noticed a phantom
    31 | D:5      | Noticed an ice beast
    80 | D:5      | Noticed an ogre
   110 | D:5      | Found a glowing drain.
   115 | Sewer    | Entered a sewer
   175 | Sewer    | Noticed a big kobold
   184 | Sewer    | Reached XP level 3. HP: 29/36 MP: 2/2
   210 | Sewer    | Killed a big kobold
   210 | Sewer    | Reached skill level 3 in Fighting
   210 | Sewer    | Reached XP level 4. HP: 30/45 MP: 3/3
   431 | Sewer    | Noticed a big kobold
   457 | Sewer    | Killed a big kobold
   457 | Sewer    | Reached XP level 5. HP: 32/53 MP: 4/4
   619 | Sewer    | Reached XP level 6. HP: 50/62 MP: 5/5
   811 | Sewer    | Reached skill level 4 in Fighting
  1022 | D:5      | Mangled by an ogre

Illustrated notes

Levels and vault maps discovered:
D:5:      layout_cave_pods, nicolae_overflow_quartered_altars, basic_altar,
          serial_glass, glass_columns_a, glass_columns_a, portal_sewer_entry_e

Skill      XL: |  1  2  3  4  5  6 |
---------------+-------------------+-----
Dodging        | 2 3 |  3.7
Stealth        | 3 |  3.8
Fighting       | 3 4 |  4.1
Maces & Flails | |  1.7

Action                   |  1- 3 |  4- 6 || total
-------------------------+-------+-------++-------
Melee: Unarmed           |    52 |   159 ||   211
  Use: Scroll            |     1 |       ||     1
       Potion            |       |     2 ||     2
Armor: Robe              |    17 |    29 ||    46
Dodge: Dodged            |    21 |    47 ||    68

Table legend: (Time is in decaauts)
 A = Elapsed time spent in this place.
 B = Non-inter-level travel time spent in this place.
 C = Inter-level travel time spent in this place.
 D = Time resting spent in this place.
 E = Time spent auto-exploring this place.
 F = Levels seen in this place.
 G = Mean time per level.
                   A        B        C        D        E       F      G
               +--------+--------+--------+--------+--------+-----+--------+
         Total |   1182 |   1182 |      0 |      0 |    689 |   2 |  591.0 |
       Dungeon |    127 |    127 |      0 |      0 |      5 |   1 |  127.0 |
         Sewer |   1054 |   1054 |      0 |      0 |    684 |   1 | 1054.0 |
               +--------+--------+--------+--------+--------+-----+--------+

Top non-repeatable levels by time:
   Sewer: 1054 daAuts
     D:5: 127 daAuts
